 Dungeon Crawl Stone Soup version 0.15.2 (webtiles) character file.

1798 magipi the Conjurer (level 9, -6/45 HPs)
             Began as a Tengu Fire Elementalist on May 9, 2015.
             Shot with an arrow by a centaur (12 damage)
             ... on Level 5 of the Dungeon.
             The game lasted 00:39:07 (7479 turns).

magipi the Conjurer (Tengu Fire Elementalist)       Turns: 7479, Time: 00:39:08

HP  -6/45        AC  3     Str 12      XL: 9   Next:  9%
MP   9/17        EV 13     Int 19      God:
Gold 294         SH  0     Dex 15      Spells:  3 memorised,  4 levels left

rFire  . . .     SeeInvis .     w - +0 trident
rCold  . . .     Clarity  .     a - +0 robe
rNeg   . . .     rCorr    .     (no shield)
rPois  .         rRot     .     (helmet restricted)
rElec  .         Spirit   .     k - +0 cloak
SustAb .         Warding  .     (no gloves)
rMut   .         Stasis   .     (boots unavailable)
Gourm  +                        v - amulet of the gourmand
MR     .....                    e - +1 ring of intelligence
                                j - +3 ring of strength

@: not resistant to hostile enchantments, unstealthy
A: able to fly, beak, talons 3
a: Fly


You were on level 5 of the Dungeon.
You were hungry.

You visited 2 branches of the dungeon, and saw 8 of its levels.

You collected 354 gold pieces.
You spent 60 gold pieces at shops.

Inventory:

Hand weapons
 i - a +1 mace of protection
 w - a +0 trident (weapon)
Missiles
 A - 18 poisoned needles
Armour
 a - a +0 robe (worn)
 k - a +0 cloak (worn)
Magical devices
 d - a wand of slowing (4)
 s - a wand of slowing (8)
 x - a wand of confusion (21)
Comestibles
 c - 4 bread rations
 B - 2 meat rations
Scrolls
 f - a scroll of teleportation
 l - a scroll of amnesia
 o - a scroll of remove curse
 u - 2 scrolls of enchant armour {unknown}
 y - a scroll of identify
 C - a scroll of fog {unknown}
 F - a scroll of magic mapping {unknown}
Jewellery
 e - a +1 ring of intelligence (right hand)
 j - a +3 ring of strength (left hand)
 v - an amulet of the gourmand (around neck)
Potions
 h - a potion of lignification
 p - a potion of agility
 q - a potion of berserk rage
 r - a potion of curing
 t - a potion of restore abilities
Books
 b - a book of Flames

   Spells                             Type                      Level
   *Flame Tongue                      Conjuration/Fire             1
   Throw Flame                        Conjuration/Fire             2
   *Conjure Flame                     Conjuration/Fire             3
   Inner Flame                        Hexes/Fire                   3
   *Sticky Flame                      Conjuration/Fire             4
   Fireball                           Conjuration/Fire             5


   Skills:
 + Level 3.3 Dodging
 - Level 2.0 Stealth
 - Level 2.0 Spellcasting
 - Level 10.0 Conjurations
 + Level 9.5 Fire Magic


You had 4 spell levels left.
You knew the following spells:

 Your Spells              Type           Power        Failure   Level  Hunger
a - Flame Tongue          Conj/Fire      #####        1%          1    #......
b - Conjure Flame         Conj/Fire      #####...     1%          3    ####...
c - Sticky Flame          Conj/Fire      #####...     3%          4    #####..


Dungeon Overview and Level Annotations

Branches:
Dungeon (7/15)             Temple (1/1) D:5

Altars:
Ashenzari
Dithmenos
Elyvilon
Fedhas
Kikubaaqudgha
Nemelex Xobeh
Qazlal
Sif Muna
Trog
Vehumet
Xom
Yredelemnul
Zin

Shops:
D:5 *

Annotations:
D:2 gnoll
D:3 Terence
D:4 magipi's ghost, average TeFE


Innate Abilities, Weirdness & Mutations

You can fly.
You have a beak for a mouth.
You have claws for feet.

Vault maps used:
D:1:      dpeg_arrival_prison, serial_forest, infiniplex_forest_lined_room_3,
          infiniplex_forest_clump_cross, infiniplex_forest_straight_4,
          infiniplex_forest_end_1, infiniplex_forest_diagonal,
          infiniplex_forest_clump_small, infiniplex_forest_zigzag_1,
          st_stairs_13, roderic_serpentine_path
D:2:      kennysheep_big_flooded_room, first_bread
D:3:      uniq_terence
D:4:      saegor_snake_ambush
D:5:      nemelex_xobeh_ov_fountains_minmay, minmay_temple_entry_glass,
          serial_shops, nicolae_shop_crystal, nrook_mini_backslash,
          uniq_blork_the_orc, uniq_grinder
D:6:      basic_altar
D:7:      cheibriados_altar_1, grunt_ogre_cave
Temple:   temple_eino_lava_12


Message History

The gnoll shaman is lightly wounded.
The gnoll shaman is covered in liquid flames!
The gnoll shaman burns!
The gnoll burns!
You kill the gnoll!
The gnoll shaman hits you with a whip!
Unknown command.
The gnoll shaman burns!
The gnoll shaman mumbles some strange prayers to its god against you.
You are outlined in light.
Unknown command.
An ogre comes into view. It is wielding a giant club.
The ogre shouts!
The gnoll shaman burns!
Casting: Sticky Flame
Confirm with . or Enter, or press ? or * to list all spells.
Aiming: Flame Tongue
Press: ? - help, Shift-Dir - straight line, f/p - gnoll shaman
Aim: a gnoll shaman, wielding a whip and wearing a leather armour (severely wounded, covered in liquid flames)
The flame tongue hits the gnoll shaman.
You kill the gnoll shaman!
Your Dodging skill increases to level 3!
The giant frog hits you.
* * * LOW HITPOINT WARNING * * *
The giant frog hits you.
* * * LOW HITPOINT WARNING * * *
Casting: Flame Tongue
Confirm with . or Enter, or press ? or * to list all spells.
Aiming: Sticky Flame
Press: ? - help, Shift-Dir - straight line, f - giant frog
Aim: a giant frog The sticky flame hits the giant frog.
The giant frog is heavily wounded.
The giant frog is covered in liquid flames!
You are feeling hungry.
The giant frog burns!
The giant frog hits you.
* * * LOW HITPOINT WARNING * * *
The giant frog closely misses you.
Unknown command.
Drink which item? (? for menu, Esc to quit)
You feel better.
The giant frog burns!
The giant frog barely misses you.
Unknown command.
The giant frog burns!
You kill the giant frog!
The quokka bites you but does no damage.
The quokka misses you. The quokka barely misses you.
There is a stone staircase leading up here.
The quokka closely misses you.
You climb upwards.
The yak bellows!
The orc wizard shouts!
The orc shouts!
A yak, an ice beast and an orc come into view.
The orc shouts!
The orc wizard completely misses you.
The orc wizard mumbles some strange words.
The orc wizard flickers and vanishes!
Deactivating autopickup; reactivate with Ctrl-A.
Found a dagger.
Found a stormy altar of Qazlal.
There is a stone staircase leading down here.
The yak bellows!
You hear some strange, mumbled words.
The puff of flame hits you!
* * * LOW HITPOINT WARNING * * *
The goblin shouts!
Unknown command.
The quokka twitches its whiskers.
The quokka closely misses you. The quokka bites you.
* * * LOW HITPOINT WARNING * * *
The goblin throws a stone.
The stone hits you.
* * * LOW HITPOINT WARNING * * *
You see here a stone.
You are no longer glowing.
The quokka misses you.
The quokka twitches its whiskers.
The quokka barely misses you.
Things that are here:
a ring mail; a flail The quokka barely misses you.
You see here a falchion.
The quokka misses you.
There is a stone staircase leading up here.
The quokka barely misses you.
You climb upwards.
The centaur shouts!
The centaur wields a shortbow.
The centaur shoots an arrow.
The arrow closely misses you.
The arrow barely misses the quokka.
The centaur shoots an arrow.
The arrow barely misses you.
The arrow hits the quokka!
The quokka dies!
There is a stone staircase leading down here.
Drink which item? (? for menu, Esc to quit)
You feel better.
The centaur shoots an arrow.
The arrow hits you!
* * * LOW HITPOINT WARNING * * *
The centaur shoots an arrow.
The arrow hits you but does no damage.
You see here 2 arrows.
Things that are here:
a robe; a trident The centaur shoots an arrow.
The arrow hits you!
You die...

....####...............####
.....................#....#
............#####..(.#⌠.⌠.#
.......##...c###(#.#..._..#
.......#..#....>#...#.⌠.⌠##
..........#c...(..##.#..##
............###..####.#..##
...........## #[## ####..###
............####@####.###...###
.....#..........).##.##
##....### ....#.............#.##
#....... ...................##
#....... ........>..(.....##.#
#....... ........>.......###.#
#......# .c.............###.##
##.....## ...##.............##
##.....##
...#..............######.......#


You could see a centaur.

Table legend:
 A = Kills in this place as a percentage of kills in entire the game.
 B = Kills by you in this place as a percentage of kills by you in the entire game.
 C = Kills by friends in this place as a percentage of kills by friends in the entire game.
 D = Other kills in this place as a percentage of other kills in the entire game.
 E = Experience gained in this place as a percentage of experience gained in the entire game.
 F = Experience gained in this place divided by the number of levels of this place that you have seen.
                   A       B       C       D       E      F
               +-------+-------+-------+-------+-------+----------------------
         Total | 100.0 | 100.0 |  -nan |  -nan | 100.0 | 321.1
       Dungeon | 100.0 | 100.0 |  -nan |  -nan | 100.0 | 367.0
               +-------+-------+-------+-------+-------+----------------------

Vanquished Creatures
  Grinder (D:5)
  A water moccasin (D:6)
  2 sky beasts (D:5)
  2 phantoms (D:6)
  4 giant frogs
  Blork the orc (D:5)
  A goliath beetle (D:6)
  2 crimson imps
  An orc priest (D:6)
  A giant frog zombie (D:6)
  A gnoll shaman (D:7)
  5 orc wizards
  A centaur zombie (D:6)
  4 worker ants
  A big kobold zombie (D:5)
  A hound skeleton (D:4)
  3 gnolls (D:7)
  7 adders
  A gnoll zombie (D:5)
  7 worms
  A giant mite (D:3)
  3 giant geckos
  3 oozes
  23 orcs
  A bat skeleton (D:6)
  3 giant cockroaches
  8 goblins
  16 hobgoblins
  4 jackals (D:3)
  2 quokkas
  2 ball pythons (D:4)
  9 bats
  3 giant newts
  17 kobolds
  11 rats
153 creatures vanquished.

Vanquished Creatures (others)
  A quokka (D:5)
1 creature vanquished.

Grand Total: 154 creatures vanquished

Notes
Turn   | Place    | Note
--------------------------------------------------------------
     0 | D:1      | magipi, the Tengu Fire Elementalist, began the quest for the Orb.
     0 | D:1      | Reached XP level 1. HP: 10/10 MP: 3/3
   339 | D:1      | Reached XP level 2. HP: 15/15 MP: 0/5
  1229 | D:1      | Reached XP level 3. HP: 19/19 MP: 2/7
  1281 | D:1      | Learned a level 3 spell: Conjure Flame
  1469 | D:2      | Reached skill level 4 in Fire Magic
  1715 | D:2      | Reached XP level 4. HP: 24/24 MP: 1/8
  2501 | D:3      | Reached XP level 5. HP: 23/28 MP: 6/11
  2901 | D:3      | Reached skill level 5 in Fire Magic
  3055 | D:3      | Noticed Terence
  3107 | D:4      | Noticed magipi's ghost (average TeFE)
  3306 | D:4      | Learned a level 4 spell: Sticky Flame
  3309 | D:4      | Reached skill level 5 in Conjurations
  3525 | D:4      | Reached XP level 6. HP: 28/32 MP: 7/12
  3866 | D:5      | Entered Level 5 of the Dungeon
  3873 | D:5      | Found a sparkling altar of Nemelex Xobeh.
  4041 | D:5      | Noticed Blork the orc
  4263 | D:5      | Reached skill level 6 in Conjurations
  4486 | D:5      | Noticed Grinder
  4504 | D:5      | Killed Grinder
  4504 | D:5      | Reached skill level 7 in Conjurations
  4504 | D:5      | Reached XP level 7. HP: 28/36 MP: 8/14
  4939 | D:5      | Killed Blork the orc
  4971 | D:5      | Found a staircase to the Ecumenical Temple.
  4989 | Temple   | Entered the Ecumenical Temple
  5202 | D:5      | Found Gisatze's General Store.
  5216 | D:5      | Reached skill level 8 in Conjurations
  5216 | D:5      | Reached XP level 8. HP: 41/41 MP: 6/16
  5241 | D:5      | Bought a potion of confusion for 12 gold pieces
  5241 | D:5      | Bought a scroll of identify for 24 gold pieces
  5241 | D:5      | Bought a scroll of identify for 24 gold pieces
  5850 | D:6      | Reached skill level 9 in Conjurations
  7005 | D:6      | Reached skill level 10 in Conjurations
  7250 | D:6      | Reached XP level 9. HP: 27/45 MP: 12/17
  7435 | D:6      | Found a stormy altar of Qazlal.
  7479 | D:5      | Shot with an arrow by a centaur

Action                   |  1- 3 |  4- 6 |  7- 9 || total
-------------------------+-------+-------+-------++-------
Melee: Dagger            |    13 |    27 |     4 ||    44
       Unarmed           |     1 |       |       ||     1
       Trident           |       |     5 |    76 ||    81
       Mace              |       |     3 |       ||     3
 Cast: Flame Tongue      |    66 |   116 |    74 ||   256
       Sticky Flame      |       |     8 |    25 ||    33
       Conjure Flame     |       |       |     6 ||     6
Evoke: Wand              |       |       |     2 ||     2
  Use: Scroll            |       |     3 |    11 ||    14
       Potion            |       |       |     2 ||     2
 Stab: Sleeping          |     3 |     3 |       ||     6
       Distracted        |     1 |       |     1 ||     2
       Confused          |       |       |     2 ||     2
  Eat: Chunk             |     4 |    10 |    15 ||    29
       Beef jerky        |       |     1 |       ||     1
       Royal jelly       |       |       |     1 ||     1

Action                   |  1- 3 |  4- 6 |  7- 9 || total
-------------------------+-------+-------+-------++-------
Melee: Dagger            |    13 |    27 |     4 ||    44
       Unarmed           |     1 |       |       ||     1
       Trident           |       |     5 |    76 ||    81
       Mace              |       |     3 |       ||     3
 Cast: Flame Tongue      |    66 |   116 |    74 ||   256
       Sticky Flame      |       |     8 |    25 ||    33
       Conjure Flame     |       |       |     6 ||     6
Evoke: Wand              |       |       |     2 ||     2
  Use: Scroll            |       |     3 |    11 ||    14
       Potion            |       |       |     2 ||     2
 Stab: Sleeping          |     3 |     3 |       ||     6
       Distracted        |     1 |       |     1 ||     2
       Confused          |       |       |     2 ||     2
  Eat: Chunk             |     4 |    10 |    15 ||    29
       Beef jerky        |       |     1 |       ||     1
       Royal jelly       |       |       |     1 ||     1

Action                   |  1- 3 |  4- 6 |  7- 9 || total
-------------------------+-------+-------+-------++-------
Melee: Dagger            |    13 |    27 |     4 ||    44
       Unarmed           |     1 |       |       ||     1
       Trident           |       |     5 |    76 ||    81
       Mace              |       |     3 |       ||     3
 Cast: Flame Tongue      |    66 |   116 |    74 ||   256
       Sticky Flame      |       |     8 |    25 ||    33
       Conjure Flame     |       |       |     6 ||     6
Evoke: Wand              |       |       |     2 ||     2
  Use: Scroll            |       |     3 |    11 ||    14
       Potion            |       |       |     2 ||     2
 Stab: Sleeping          |     3 |     3 |       ||     6
       Distracted        |     1 |       |     1 ||     2
       Confused          |       |       |     2 ||     2
  Eat: Chunk             |     4 |    10 |    15 ||    29
       Beef jerky        |       |     1 |       ||     1
       Royal jelly       |       |       |     1 ||     1
